 Dungeon Crawl Stone Soup version 0.17-a0-1863-g715b4b0 (webtiles) character file.

182 hal2100 the Conjurer (level 5, -3/36 HPs)
             Began as a Demonspawn Conjurer on Sept 19, 2015.
             Was an Initiate of Sif Muna.
             Slain by emiel's ghost (6 damage)
             ... on level 4 of the Dungeon on Sept 20, 2015.
             The game lasted 00:17:49 (2024 turns).

hal2100 the Conjurer (Demonspawn Conjurer)          Turns: 2024, Time: 00:17:50

Health: -3/36      AC:  5    Str: 13    XL:     5   Next: 34%
Magic:  0/9        EV: 13    Int: 17    God:    Sif Muna [......]
Gold:   154        SH:  0    Dex: 14    Spells: 3 memorised, 2 levels left

rFire  . . .     SeeInvis .     m - +2 dagger (freeze)
rCold  . . .     Clarity  .     a - +0 robe
rNeg   . . .     SustAt   .     (no shield)
rPois  .         Gourm    .     (no helmet)
rElec  .         Spirit   .     l - +0 cloak
rCorr  .         Warding  .     (no gloves)
rMut   .         Stasis   .     (no boots)
MR     .....                    (no amulet)
Stlth  ++........               (no ring)
                                q - +5 ring of strength

@: lethally poisoned (-3 -> -8), not resistant to hostile enchantments,
unstealthy
A: yellow scales 1, demonic guardian 1
a: Renounce Religion


You were on level 4 of the Dungeon.
You worshipped Sif Muna.
Sif Muna was noncommittal.
You were not hungry.

You visited 1 branch of the dungeon, and saw 5 of its levels.

You collected 154 gold pieces.

Inventory:

Hand weapons
 d - a +0 short sword
 j - a +0 vampiric whip
 m - a +2 dagger of freezing (weapon)
Armour
 a - a +0 robe (worn)
 l - a +0 cloak (worn)
Jewellery
 q - a +5 ring of strength (left hand)
Scrolls
 e - 2 scrolls of identify {unknown}
 k - 2 scrolls of enchant armour {unknown}
 o - 2 scrolls of remove curse {unknown}
 p - a scroll of teleportation {unknown}
 s - 2 scrolls of recharging {unknown}
Potions
 h - a potion of lignification {unknown}
 r - a potion of agility {unknown}
Books
 b - a book of Conjurations

   Spells                             Type                      Level
   a - Magic Dart                     Conjuration                  1
   b - Searing Ray                    Conjuration                  2
   c - Dazzling Spray                 Conjuration/Hexes            3
   d - Fulminant Prism                Conjuration/Hexes            4
   e - Iskenderun's Mystic Blast      Conjuration                  4
   f - Iskenderun's Battlesphere      Conjuration/Charms           5
 v - a book of Air

   Spells                             Type                      Level
   a - Shock                          Conjuration/Air              1
   b - Swiftness                      Charms/Air                   2
   c - Repel Missiles                 Charms/Air                   2
   d - Static Discharge               Conjuration/Air              3
   e - Lightning Bolt                 Conjuration/Air              5
Comestibles
 c - 2 bread rations
 g - 4 meat rations
 n - a slice of pizza
 t - 3 beef jerkies


   Skills:
 + Level 0.4 Fighting
 + Level 3.2 Dodging
 + Level 2.4 Stealth
 + Level 2.7 Spellcasting
 + Level 5.1 Conjurations


You had 2 spell levels left.
You knew the following spells:

 Your Spells              Type           Power        Failure   Level  Hunger
a - Magic Dart            Conj           ###.         2%          1    #......
b - Searing Ray           Conj           ###...       3%          2    ##.....
c - Iskenderun's Mystic   Conj           ###.....     24%         4    #####..


Dungeon Overview and Level Annotations

Branches:
Dungeon (5/15)
 Temple: D:4-7

Altars:
Ashenzari
Fedhas
Sif Muna

Annotations:
D:4 emiel's ghost, average MiAr


Innate Abilities, Weirdness & Mutations

You are partially covered in yellow scales (AC +2).
A weak demonic guardian rushes to your aid.


Message History

You feel sick.
The worker ant bites your iron imp but does no damage.
Your iron imp hits the worker ant.
The worker ant dies!
* * * LOW HITPOINT WARNING * * *
You feel sick.
* * * LOW HITPOINT WARNING * * *
You feel sick.
* * * LOW HITPOINT WARNING * * *
You feel sick.
Emiel's ghost screams, "There is no future for me!"
Casting: Searing Ray
Confirm with . or Enter, or press ? or * to list all spells.
Aiming: Searing Ray
Press: ? - help, Shift-Dir - straight line, f/p - emiel's ghost
Aim: emiel's ghost, wielding a weapon of venom (severely damaged)
The searing ray misses emiel's ghost.
* * * LOW HITPOINT WARNING * * *
You feel sick. Emiel's ghost hits you.
You die...

# # #########
........#
....#####
...5# ♣♣♣♣♣
..5.# ♣♣.@.♣♣
...W#####
♣♣..W..♣♣
...$5...#
♣♣.......♣♣
#######.#
♣...._....♣
#.#
♣♣%..5.....♣♣
#W#
♣.%.........♣
#a#
♣.♣.......♣.♣
#5#
♣♣♣♣♣...♣♣♣♣♣
#.# ♣♣...♣♣


You could see emiel's ghost and a friendly iron imp.

Vanquished Creatures
  A jelly (D:5)
  A worker ant (D:4)
  4 adders
  An ooze (D:2)
  A ball python (D:2)
  11 bats
  2 giant cockroaches
  6 goblins
  3 hobgoblins
  5 jackals (D:1)
  6 kobolds
  A quokka (D:2)
  3 giant newts
  3 rats
48 creatures vanquished.

Vanquished Creatures (collateral kills)
  3 worker ants
  A giant gecko (D:5)
4 creatures vanquished.

Grand Total: 52 creatures vanquished

Notes
Turn   | Place    | Note
--------------------------------------------------------------
     0 | D:1      | hal2100 the Demonspawn Conjurer began the quest for the Orb.
     0 | D:1      | Reached XP level 1. HP: 13/13 MP: 3/3
     8 | D:1      | Noticed an electric eel
   179 | D:1      | Gained mutation: A weak demonic guardian rushes to your aid. [demonic ancestry]
   179 | D:1      | Reached XP level 2. HP: 14/19 MP: 1/5
   200 | D:1      | Learned a level 2 spell: Searing Ray
   273 | D:1      | Upgraded the game from 0.17-a0-1850-g688e747 to 0.17-a0-1863-g715b4b0
   795 | D:2      | Gained mutation: You are partially covered in yellow scales (AC +2). [demonic ancestry]
   795 | D:2      | Reached XP level 3. HP: 10/24 MP: 2/6
   935 | D:2      | Found a faded altar to an unknown god.
  1214 | D:2      | Found a shattered altar of Ashenzari.
  1337 | D:2      | Reached XP level 4. HP: 30/30 MP: 3/7
  1379 | D:2      | Found a deep blue altar of Sif Muna.
  1400 | D:2      | Became a worshipper of Sif Muna the Loreminder
  1415 | D:2      | Learned a level 4 spell: Iskenderun's Mystic Blast
  1594 | D:3      | You fall through a shaft for 2 floors!
  1594 | D:5      | Entered Level 5 of the Dungeon
  1758 | D:5      | Reached skill level 5 in Conjurations
  1862 | D:4      | Reached XP level 5. HP: 34/36 MP: 3/9
  1906 | D:4      | Noticed emiel's ghost (average MiAr)
  2013 | D:4      | Found a blossoming altar of Fedhas.
  2024 | D:4      | Slain by emiel's ghost

Vault maps used:
D:1:      arrival_aquarium_a
D:2:      evilmike_ruin_ashenzari, nicolae_overflow_crystal_walls,
          ecumenical_altar_2, first_bread
D:3:      nicolae_ru_awakened_eye, cheibriados_altar_1, minmay_box_of_dots
D:4:      old_standard_altar, tso_metal_star, fedhas_altar_fruit_tree,
          old_standard_altar, minmay_temple_entry_hall, serial_shops, shop_coins
D:5:      grunt_gozag_breadcrumbs

Action                   |  1- 3 |  4- 6 || total
-------------------------+-------+-------++-------
Melee: Short sword       |    15 |       ||    15
       Dagger            |    13 |    30 ||    43
 Cast: Magic Dart        |    26 |     4 ||    30
       Searing Ray       |     9 |     7 ||    16
  Use: Potion            |     1 |     5 ||     6
 Stab: Sleeping          |     1 |     2 ||     3
  Eat: Chunk             |     2 |     3 ||     5
